AoeStats
← 874891765

Arena

505638248Analyzed
1v1 RM · 23d ago on Sep 10, 2026· 55m 51s· 2 players
Game mode
Random Map
Map size
Tiny (2 player)
Population
200
Speed
Normal
Resources
Standard
Victory
Conquest
Starting age
Dark Age
Ending age
Imperial Age
RankedLock teamsTeams togetherTeam positionsShared explorationLock speedFull tech treeHidden civsTurbo modeCheats
Victory
Defeat
🇦🇷 Mongols · Argentina
1000
+43
🇨🇳 Chinese · China
952
-41
874891765
12:12 Feudal Age
12:48 Double-Bit Axe
20:31 Castle Age
20:15 Stone Mining
20:20 Fletching
20:47 Light Cavalry
21:56 Bow Saw
24:44 Forging
25:31 Padded Archer Armor
26:55 Gold Mining
28:05 Bodkin Arrow
31:04 Gold Shaft Mining
31:01 Leather Archer Armor
37:16 Imperial Age
35:58 Bloodlines
36:07 Town Watch
37:01 Town Patrol
36:46 Horse Collar
37:24 Scale Barding Armor
38:39 Elite Chu Ko Nu
41:24 Two-Man Saw
40:54 Conscription
41:11 Heavy Rocket Cart
42:15 Husbandry
44:17 Bracer
44:47 Ring Archer Armor
44:52 Iron Casting
44:38 Chain Barding Armor
45:32 Ballistics
46:12 Chemistry
45:09 Murder Holes
45:24 Masonry
46:39 Fortified Wall
49:17 Plate Barding Armor
49:43 Blast Furnace
Renaline
4:24 Loom
10:02 Feudal Age
10:30 Double-Bit Axe
10:36 Gold Mining
10:29 Horse Collar
11:07 Town Watch
14:39 Wheelbarrow
18:21 Castle Age
21:14 Bow Saw
22:17 Gold Shaft Mining
22:40 Fletching
23:03 Scale Barding Armor
27:52 Hand Cart
28:11 Ballistics
28:24 Light Cavalry
36:10 Town Patrol
38:25 Chain Barding Armor
38:16 Forging
39:07 Heavy Plow
42:59 Imperial Age
43:22 Bloodlines
43:50 Iron Casting
43:06 Fletching
43:03 Capped Ram
43:04 Onager
43:10 Heavy Scorpion
43:40 Heavy Cavalry Archer
44:40 Siege Ram
45:25 Hussar
Connection lost

Rejoining the realm…

Still unreachable

The connection could not be restored.

Session expired

The server has moved on; the page needs a fresh start.